 Dungeon Crawl Stone Soup version 0.28-a0-915-gcd63401287 (webtiles) character file.

Game seed: 10150354810743474032

33723 Anon1729 the Severer (level 13, -13/106 HPs)
             Began as a Minotaur Monk on Nov 25, 2021.
             Was the Champion of Hepliaklqana.
             Mangled by a boulder beetle (57 damage)
             ... on level 4 of the Lair of Beasts.
             The game lasted 00:32:19 (20302 turns).

Anon1729 the Severer (Minotaur Monk)               Turns: 20302, Time: 00:32:19

Health: -13/106    AC:  9    Str: 25    XL:     13   Next: 38%
Magic:  19/19      EV: 15    Int:  7    God:    Hepliaklqana [******]
Gold:   1102       SH:  0    Dex: 17    Spells: 12/12 levels left

rFire   . . .      SeeInvis +   a - +4 battleaxe "Widowmaker" {elec, Will+++ Str+5 Dex-4}
rCold   + . .      Faith    +   (shield currently unavailable)
rNeg    . . .      Spirit   .   w - +1 leather armour "Ruredwoi" {rC+ Slay+5}
rPois   .          Reflect  .   (helmet restricted)
rElec   .          Harm     .   h - +1 cloak of the Poles {-Cast Dex+7 SInv}
rCorr   .          Rampage  .   (no gloves)
Will    ++++.      NoCast   +   U - +0 pair of boots
Stlth   ++........              o - amulet of faith
HPRegen 0.27/turn               t - ring of willpower
MPRegen 0.16/turn               W - +4 ring of slaying

@: no status effects
A: reduced essence, horns 2, retaliatory headbutt
a: Renounce Religion, Recall Ancestor, Ancestor Identity, Transference, Idealise


You were on level 4 of the Lair of Beasts.
You worshipped Hepliaklqana.
Hepliaklqana was exalted by your worship.
You visited 2 branches of the dungeon, and saw 14 of its levels.
You also visited: Bailey and Gauntlet.

You collected 1369 gold pieces.
You spent 267 gold pieces at shops.

Inventory:

Hand Weapons
 a - the +4 battleaxe "Widowmaker" (weapon) {elec, Will+++ Str+5 Dex-4}
   (You found it on level 10 of the Dungeon)

   It occasionally discharges a powerful burst of electricity upon striking a
   foe.
   Str:       It affects your strength (+5).
   Dex:       It affects your dexterity (-4).
   Will:      It greatly increases your willpower.
 b - the +6 war axe of the Shrike {drain, Str+6}
   (You found it on level 11 of the Dungeon)

   A truly terrible weapon, it drains the life of any living foe it strikes.
   Str:       It affects your strength (+6).
 S - a +1 scimitar of flaming
Missiles
 v - 4 throwing nets (quivered)
Armour
 h - the +1 cloak of the Poles (worn) {-Cast Dex+7 SInv}
   (You found it in a Gauntlet)

   Dex:       It affects your dexterity (+7).
   SInv:      It lets you see invisible.
   -Cast:     It prevents spellcasting.
 w - the +1 leather armour "Ruredwoi" (worn) {rC+ Slay+5}
   (You bought it in a shop on level 2 of the Dungeon)

   Slay:      It affects your accuracy & damage with ranged weapons and melee
   (+5).
   rC:        It protects you from cold.
 E - the +1 leather armour of Slovenliness {Fly rCorr}
   (You found it in a bailey)

   Fly:       It grants you flight.
   rCorr:     It protects you from acid and corrosion.
 F - a +1 kite shield of protection
 U - a +0 pair of boots (worn)
Jewellery
 i - an amulet of magic regeneration
 o - an amulet of faith (around neck)
 t - a ring of willpower (left hand)
 u - a ring of poison resistance
 y - a ring of ice
 A - an amulet of reflection
 H - an amulet of guardian spirit
 W - a +4 ring of slaying (right hand)
 X - a ring of willpower
Wands
 r - a wand of acid (20)
 x - a wand of iceblast (9)
 K - a wand of paralysis (13)
 N - a wand of flame (36)
 O - a wand of polymorph (14)
Scrolls
 d - a scroll of fear
 f - 3 scrolls of amnesia
 g - 2 scrolls of silence
 j - 2 scrolls of magic mapping
 k - 6 scrolls of teleportation
 n - 2 scrolls of blinking
 p - 2 scrolls of vulnerability
 C - a scroll of immolation
 I - a scroll of torment {unknown}
 Q - a scroll of noise {unknown}
 V - 2 scrolls of fog {unknown}
Potions
 c - 4 potions of attraction
 e - a potion of berserk rage {unknown}
 l - 2 potions of mutation
 m - a potion of curing {unknown}
 q - 2 potions of flight
 s - a potion of lignification
 z - 3 potions of brilliance {unknown}
 D - a potion of haste {unknown}
 G - a potion of heal wounds
 J - a potion of ambrosia {unknown}
 L - a potion of invisibility {unknown}
 M - 2 potions of degeneration {unknown}
Miscellaneous
 B - a lightning rod (4/4)
 P - a box of beasts
 Y - a condenser vane
 Z - a phial of floods


   Skills:
 + Level 12.3 Fighting
 * Level 16.4 Axes
 + Level 11.4 Armour
 + Level 6.7 Dodging
 - Level 2.5 Stealth
 + Level 8.2 Shields
 + Level 9.5 Invocations


You had 12 spell levels left.
You didn't know any spells.
Your spell library contained the following spells:

 Spells                   Type           Power      Damage    Failure   Level
 Magic Dart               Conj           0%         1d3       45%         1
 Slow                     Hex            0%         N/A       45%         1
 Blink                    Tloc           0%         N/A       61%         2
 Call Imp                 Summ           0%         N/A       61%         2
 Ensorcelled Hibernation  Hex/Ice        0%         N/A       61%         2
 Static Discharge         Conj/Air       0%         N/A       61%         2
 Confusing Touch          Hex            0%         N/A       83%         3
 Frozen Ramparts          Ice            0%         1d2       83%         3
 Lesser Beckoning         Tloc           0%         N/A       83%         3
 Mephitic Cloud           Conj/Pois/Air  0%         N/A       83%         3
 Spider Form              Tmut/Pois      0%         N/A       83%         3
 Ice Form                 Ice/Tmut       0%         N/A       99%         4
 Summon Ice Beast         Ice/Summ       0%         N/A       99%         4
 Lightning Bolt           Conj/Air       0%         1d11      100%        5
 Manifold Assault         Tloc           0%         N/A       100%        5
 Yara's Violent Unravell  Hex/Tmut       0%         3d3       100%        5
 Maxwell's Capacitive Co  Air            0%         ∞         100%        8


Dungeon Overview and Level Annotations

Branches:
Dungeon (11/15)            Temple (0/1) D:7            Lair (2/6) D:10
 Bailey (visited)         Gauntlet (visited)
  Swamp: Lair:2-4    Shoals: Lair:2-4     Snake: Lair:2-4    Spider: Lair:2-4
    Orc: D:9-12

Altars:
Ashenzari
Fedhas
Hepliaklqana
Kikubaaqudgha
Qazlal
Ru
Uskayaw
Vehumet
Wu Jian
Xom
Yredelemnul
Zin
The Shining One

Shops:
D:2 [   D:5 =:(*[   D:6 [   D:11 (


Innate Abilities, Weirdness & Mutations

Your life essence is reduced to manifest your ancestor. (-10% HP)
You have a pair of horns on your head.
You reflexively headbutt those who attack you in melee.


Message History

The boulder beetle is heavily wounded.
The boulder beetle leaps!
The boulder beetle curls into a ball and begins rolling!
The five-headed hydra bites you. The five-headed hydra bites you!
The five-headed hydra misses you.
The five-headed hydra bites you but does no damage.
The five-headed hydra bites you! The komodo dragon barely misses you.
You slice the komodo dragon!!
Lightning courses through the komodo dragon!
The komodo dragon is severely wounded.
You lop one of the five-headed hydra's heads off!
The four-headed hydra grows two more!
You slash the six-headed hydra!
Lightning courses through the six-headed hydra!
The six-headed hydra bites you but does no damage.
The six-headed hydra bites you. The six-headed hydra misses you. x3
The six-headed hydra barely misses you. The komodo dragon bites you.
You slice the komodo dragon!!
You kill the komodo dragon!
You slice one of the six-headed hydra's heads off!
The five-headed hydra grows two more!
You slash the seven-headed hydra!
The seven-headed hydra closely misses you.
You furiously retaliate!
You headbutt the seven-headed hydra! The seven-headed hydra bites you!
The seven-headed hydra bites you. The seven-headed hydra bites you! x3
The seven-headed hydra barely misses you.
You are too injured to fight recklessly!
You are too injured to fight recklessly!
You are too injured to fight recklessly!
Amnanu points at the boulder beetle and mumbles some strange words.
The seven-headed hydra resists with almost no effort.
The seven-headed hydra bites Amnanu.
The seven-headed hydra closely misses Amnanu.
The seven-headed hydra bites Amnanu! x2
The seven-headed hydra bites Amnanu but does no damage. x2
The seven-headed hydra bites Amnanu!
The seven-headed hydra bites Amnanu.
The seven-headed hydra bites Amnanu!
Amnanu is destroyed!
The boulder beetle hits you!!!
Ouch! That really hurt!
You die...

.##.÷...##...###.....P.#
..÷)÷...................
........................
...................°....
.................°°.....
##..............°D......
#......#P.. ##○.......
##......#######.B....##P
##.....P####P.#.@..##.#
##.....P##....##....#
##......#.....##...+....
#......P....###...###..
#...........###...# .
##.......##.###....#
P#.....####.##.#...####
........###.####..PP..##
........................


You could see a boulder beetle (rolling) and a seven-headed hydra (unaware).

Vanquished Creatures
  A minotaur (Gauntlet)
  A hydra (Lair:1)
  Erica (Lair:1)
  A boulder beetle (D:11)
  A two-headed ogre (D:6)
  A death scarab (Gauntlet)
  A centaur warrior (D:11)
  A tengu warrior (D:10)
  Nergalle (Lair:4)
  A sea snake (shapeshifter) (D:11)
  A wizard (D:10)
  A spectral hydra (Gauntlet)
  2 orc knights
  A deep elf pyromancer (D:10)
  An ugly thing (D:10)
  2 cyclopes (D:11)
  A gargoyle (D:11)
  A cane toad (Lair:2)
  A rime drake (Lair:4)
  7 komodo dragons
  2 trolls
  2 meliai (Gauntlet)
  A hornet (shapeshifter) (D:10)
  A slime creature (D:11)
  8 blink frogs
  A centaur simulacrum (D:10)
  14 flying skulls (Gauntlet)
  A wraith (D:9)
  23 yaks
  2 wyverns (D:7)
  3 basilisks
  A steam dragon (D:10)
  A warg (D:10)
  2 vampire mosquitoes (D:10)
  4 water moccasins
  6 orc warriors
  2 black bears
  2 necrophages
  An ogre (D:5)
  6 wolves (Lair:2)
  4 centaurs
  2 phantoms
  A kobold brigand (D:10)
  4 bullfrogs
  A gnoll sergeant (D:11)
  4 scorpions
  2 wyvern zombies (D:6)
  A wyvern skeleton (D:7)
  11 killer bees
  3 wights (D:9)
  A vampire bat (Lair:2)
  4 centaur zombies
  A bullfrog zombie (D:7)
  A hound (D:4)
  An iguana (D:6)
  A jelly (D:6)
  10 orc priests
  A centaur skeleton (D:7)
  12 orc wizards
  A hound skeleton (D:5)
  11 adders
  17 gnolls
  A howler monkey skeleton (D:7)
  A shadow imp (D:6)
  A white imp (D:6)
  3 ufetubi
  7 dart slugs
  40 orcs
  4 ball pythons
  2 endoplasms
  A giant cockroach (D:3)
  6 goblins
  5 hobgoblins
  20 kobolds
  A quokka (D:3)
  7 bats
  2 frilled lizards
  4 rats
310 creatures vanquished.

Vanquished Creatures (collateral kills)
  A boulder beetle (D:11)
  Erolcha (D:10)
  A hydra (D:11)
  2 two-headed ogres (D:10)
  An ugly thing (D:11)
  A manticore (D:6)
  An unseen horror (D:11)
  An efreet (D:11)
  A meliai (Gauntlet)
  A shadow (D:8)
  3 yaks
  A steam dragon (D:8)
  Edmund (D:6)
  A warg (D:9)
  An acid dragon (D:6)
  A water moccasin (D:5)
  Duvessa (D:5)
  An orc warrior (Bailey)
  A black bear (D:5)
  An ogre (D:4)
  A phantom (D:5)
  A wyvern skeleton (D:7)
  Dowan (D:5)
  A killer bee (D:9)
  A wight (D:9)
  2 orc priests
  4 orc wizards
  2 iguanas
  3 gnolls
  An adder (D:3)
  3 orcs
  A ball python (D:3)
  A goblin (Bailey)
  A hobgoblin (D:2)
  A quokka (D:2)
  A kobold (D:1)
  A rat (D:1)
49 creatures vanquished.

Vanquished Creatures (others)
  A bullfrog (D:7)
  10 hexers
  3 fungi
  3 plants
  14 withered plants (Gauntlet)
31 creatures vanquished.

Grand Total: 390 creatures vanquished

Notes
Turn   | Place    | Note
-------+----------+-------------------------------------------
     0 | D:1      | Anon1729 the Minotaur Monk began the quest for the Orb.
     0 | D:1      | Reached XP level 1. HP: 19/19 MP: 0/0
    35 | D:1      | Noticed a great orb of eyes
    36 | D:1      | Found a faded altar of an unknown god.
    39 | D:1      | Noticed a golden eye
    39 | D:1      | Noticed a floating eye
    39 | D:1      | Noticed a floating eye
    63 | D:1      | Prayed at the altar of an unknown god.
    63 | D:1      | Became a worshipper of Hepliaklqana the Forgotten
    63 | D:1      | Reached * piety under Hepliaklqana
    63 | D:1      | Reached ** piety under Hepliaklqana
   187 | D:1      | Remembered your ancestor Amnanu as a hexer
   370 | D:1      | Reached XP level 2. HP: 24/24 MP: 1/1
   407 | D:1      | Reached *** piety under Hepliaklqana
   676 | D:2      | Reached skill level 4 in Axes
   723 | D:2      | Reached XP level 3. HP: 27/29 MP: 2/2
   797 | D:2      | Found Lapsuim's Antique Armour Shop.
  1354 | D:3      | Reached XP level 4. HP: 29/36 MP: 3/3
  1917 | D:3      | Reached XP level 5. HP: 40/42 MP: 4/4
  2163 | D:4      | Noticed an ogre
  2179 | D:4      | Reached skill level 1 in Armour
  2185 | D:4      | Reached skill level 5 in Axes
  2185 | D:4      | Reached skill level 1 in Invocations
  2213 | D:4      | Reached skill level 5 in Fighting
  2401 | D:4      | Killed an ogre
  2402 | D:4      | Reached XP level 6. HP: 45/50 MP: 4/6
  2512 | D:4      | Reached skill level 6 in Axes
  2819 | D:4      | Reached **** piety under Hepliaklqana
  2916 | D:5      | Entered Level 5 of the Dungeon
  2981 | D:5      | Reached XP level 7. HP: 33/54 MP: 7/7
  3140 | D:5      | Found Lupnycwuz's Book Boutique.
  3288 | D:5      | Found Nonil's Weapon Shop.
  3410 | D:5      | Reached skill level 7 in Axes
  3655 | D:5      | Found Gimaq's General Store.
  3686 | D:5      | Bought 2 scrolls of teleportation for 78 gold pieces
  3910 | D:5      | Found Tyiseos's Antique Armour Shop.
  4385 | D:5      | Found a sacrificial altar of Ru.
  4408 | D:5      | Reached XP level 8. HP: 56/63 MP: 9/9
  4505 | D:5      | Found Ribid's Jewellery Emporium.
  4520 | D:5      | Noticed Dowan
  4531 | D:5      | Noticed Duvessa
  4541 | D:5      | Killed Dowan
  4542 | D:5      | Reached skill level 8 in Axes
  4550 | D:5      | HP: 3/63 [Duvessa (8)]
  4552 | D:5      | Killed Duvessa
  5152 | D:2      | Bought a pitted leather armour for 189 gold pieces
  5152 | D:2      | Identified the +1 leather armour "Ruredwoi" {rC+ Slay+5}
                  | (You bought it in a shop on level 2 of the Dungeon)
  5413 | D:6      | Found an ancient bone altar of Kikubaaqudgha.
  5441 | D:6      | Noticed Edmund
  5458 | D:6      | Killed Edmund
  5459 | D:6      | Reached skill level 5 in Armour
  5719 | D:6      | Found an ornate altar of the Wu Jian Council.
  5747 | D:6      | Reached skill level 9 in Axes
  6087 | D:6      | Found a hide-covered altar of Uskayaw.
  6116 | D:6      | Noticed a manticore
  6142 | D:6      | Found a basalt altar of Yredelemnul.
  6200 | D:6      | Noticed a two-headed ogre
  6204 | D:6      | Killed a two-headed ogre
  6205 | D:6      | Reached skill level 5 in Invocations
  6205 | D:6      | Reached XP level 9. HP: 48/72 MP: 11/11
  6442 | D:6      | Killed a manticore
  6443 | D:6      | Reached skill level 10 in Axes
  6610 | D:6      | Found Tuozext's Antique Armour Shoppe.
  6678 | D:6      | Found a stormy altar of Qazlal.
  7119 | D:7      | Found a shimmering altar of Xom.
  7127 | D:7      | Reached skill level 11 in Axes
  7590 | D:7      | Reached XP level 10. HP: 81/81 MP: 13/13
  7608 | D:7      | Reached ***** piety under Hepliaklqana
  7901 | D:7      | Found a staircase to the Ecumenical Temple.
  8470 | D:8      | HP: 3/81 [yak (7)]
  8575 | D:8      | Found a flagged portal.
  8815 | Bailey   | Entered a bailey
  8890 | Bailey   | Noticed an orc knight
  8898 | Bailey   | Killed an orc knight
  8899 | Bailey   | Reached skill level 12 in Axes
  8957 | Bailey   | Identified the +1 leather armour of Slovenliness {Fly
                  | rCorr}
  9466 | D:8      | Reached skill level 1 in Shields
  9655 | D:8      | Found a radiant altar of Vehumet.
 11265 | D:10     | Entered Level 10 of the Dungeon
 11347 | D:10     | Found a staircase to the Lair.
 11355 | D:10     | Reached XP level 11. HP: 68/89 MP: 15/15
 11358 | D:10     | Reached skill level 13 in Axes
 12013 | D:10     | Noticed a two-headed ogre
 12301 | D:10     | Reached ****** piety under Hepliaklqana
 12594 | D:10     | Killed a two-headed ogre
 12595 | D:10     | Reached skill level 10 in Fighting
 13017 | D:10     | Noticed a wizard
 13023 | D:10     | Killed a wizard
 13086 | D:10     | Noticed a white ugly thing
 13098 | D:10     | Killed a white ugly thing
 13185 | D:10     | Noticed Erolcha
 13192 | D:10     | Killed Erolcha
 13304 | D:10     | Noticed a tengu warrior
 13312 | D:10     | Killed a tengu warrior
 13379 | D:10     | Found a glowing golden altar of the Shining One.
 13449 | D:10     | Noticed a two-headed ogre
 13459 | D:10     | Killed a two-headed ogre
 13460 | D:10     | Reached skill level 14 in Axes
 13805 | D:10     | Found a glowing silver altar of Zin.
 13806 | D:10     | Found a broken altar of Ashenzari.
 13808 | D:10     | Found a blossoming altar of Fedhas.
 14020 | D:10     | Reached skill level 5 in Shields
 14401 | D:10     | Noticed a deep elf pyromancer
 14407 | D:10     | Killed a deep elf pyromancer
 14414 | D:10     | Identified the +4 battleaxe "Widowmaker" {elec, Will+++
                  | Str+5 Dex-4}
 14453 | D:10     | Identified the +7 long sword of Starshine {vorpal, rN+
                  | Int+4 Dex+3 Stlth+}
 14790 | D:11     | Noticed a boulder beetle
 14792 | D:11     | Noticed an eight-headed hydra
 14795 | D:11     | Noticed a boulder beetle
 15232 | D:11     | Noticed a sea snake
 15240 | D:11     | Killed a sea snake
 15494 | D:11     | Identified the +6 war axe of the Shrike {drain, Str+6}
 15644 | D:11     | Killed a boulder beetle
 15645 | D:11     | Reached XP level 12. HP: 99/99 MP: 17/17
 15709 | D:11     | Noticed a centaur warrior
 15716 | D:11     | Killed a centaur warrior
 15717 | D:11     | Reached skill level 10 in Armour
 16344 | D:11     | Noticed a boulder beetle
 16356 | D:11     | Killed a boulder beetle
 16509 | D:11     | Found Wibaj's Weapon Emporium.
 16590 | D:11     | Killed a six-headed hydra
 16591 | D:11     | Reached skill level 15 in Axes
 17193 | Lair:1   | Entered Level 1 of the Lair of Beasts
 17193 | Lair:1   | Noticed a six-headed hydra
 17200 | Lair:1   | Killed a three-headed hydra
 17283 | Lair:1   | Reached skill level 5 in Dodging
 17739 | Lair:1   | Noticed Erica
 17746 | Lair:1   | Killed Erica
 18082 | Lair:1   | You fall into a shaft and drop 1 floor!
 18153 | Lair:2   | Found a gate leading to a gauntlet.
 18170 | Gauntlet | Entered a Gauntlet
 18170 | Gauntlet | Noticed a death scarab
 18170 | Gauntlet | Found a transporter.
 18170 | Gauntlet | Found a transporter.
 18170 | Gauntlet | Found a transporter.
 18414 | Gauntlet | Found a transporter.
 18427 | Gauntlet | Found a transporter.
 18428 | Gauntlet | Found a transporter.
 18439 | Gauntlet | Found a transporter.
 18460 | Gauntlet | Found a transporter.
 18477 | Gauntlet | Found a transporter.
 18481 | Gauntlet | Found a transporter.
 18491 | Gauntlet | Found a transporter.
 18495 | Gauntlet | Found a transporter.
 18596 | Gauntlet | Killed a death scarab
 18810 | Gauntlet | HP: 3/99 [flying skull (2)]
 18821 | Gauntlet | Reached XP level 13. HP: 33/105 MP: 18/18
 18868 | Gauntlet | Identified the +1 cloak of the Poles {-Cast Dex+7 SInv}
 19136 | Gauntlet | Reached skill level 16 in Axes
 19284 | Gauntlet | Identified the +8 long sword "Otuank" {vorpal, rC+ Will++
                  | Dex-5}
 19284 | Gauntlet | Noticed a minotaur
 19289 | Gauntlet | Killed a minotaur
 19836 | Lair:2   | You fall into a shaft and drop 2 floors!
 19836 | Lair:4   | Noticed Nergalle
 19854 | Lair:4   | Killed Nergalle
 20302 | Lair:4   | Mangled by a boulder beetle

Illustrated notes

Levels and vault maps discovered:
D:1:      sevenhm_arrival_forest_fort_small_3, layout_basic,
          hellmonk_ecumenical_altar_watching_god, minmay_liquid_box, st_stairs_8
D:2:      layout_basic, serial_shops, nicolae_square_shop
D:3:      layout_rooms, serial_glass, glass_columns_b, glass_columns_b
D:4:      layout_basic
D:5:      layout_rooms, mainiacjoe_overflow_six_doors_small, serial_shops, shop,
          shop, nicolae_shop_window_shopping, nicolae_shop_crystal, shop,
          uniq_duvessa
D:6:      layout_basic, pf_just_have_faith,
          nicolae_uskayaw_murder_on_the_dancefloor,
          mainiacjoe_overflow_24_doors, serial_shops, nicolae_lakefront_shop,
          hangedman_feature_mirror, uniq_edmund
D:7:      layout_basic, xom_confusion_cloud, temple_doors_e
D:8:      layout_cave_pods, marbit_many_paths, enter_bailey_6
D:9:      layout_stronghold
D:10:     minmay_the_grid_octo_triangle [minmay_the_grid_octo_checkerflower,
          minmay_the_grid_octo_prize_single_spiral,
          minmay_the_grid_octo_pinwheel], layout_layer_cave, old_standard_altar,
          minitemple, erik_lair_orcish_takeover, uniq_erolcha
D:11:     minmay_curly_fans, layout_irregular_city, serial_shops, shop,
          minmay_diamond_spiral
Lair:1:   layout_chaotic_city, uniq_erica
Lair:2:   layout_roguey, gauntlet_entry_generic, roderic_batcave,
          grunt_megastairs_3
Lair:4:   layout_regular_city, uniq_nergalle

Skill      XL: |  1  2  3  4  5  6  7  8  9 10 11 12 13 |
---------------+----------------------------------------+-----
Axes           | 4 5 6 7 9 11 12 14 15 16 | 16.4
Stealth        | 2 |  2.5
Fighting       | 4 5 6 7 8 9 11 12 | 12.3
Dodging        | 4 6 |  6.7
Armour         | 2 4 6 7 8 9 11 | 11.4
Invocations    | 1 2 3 5 7 8 9 |  9.5
Shields        | 2 5 7 8 |  8.2

Action                   |  1- 3 |  4- 6 |  7- 9 | 10-12 | 13-15 || total
-------------------------+-------+-------+-------+-------+-------++-------
Melee: Hand axe          |    60 |    85 |    95 |     6 |       ||   246
       Headbutt          |     7 |    16 |    46 |    71 |    15 ||   155
       War axe           |       |       |    95 |    65 |       ||   160
       Battleaxe         |       |       |       |   273 |    58 ||   331
       Scimitar          |       |       |       |     5 |       ||     5
Invok: Ancestor Life: He |     1 |       |       |       |       ||     1
       Recall Ancestor   |       |     1 |     1 |     5 |     1 ||     8
       Idealise          |       |       |       |     1 |     1 ||     2
       Transference      |       |       |       |     1 |       ||     1
Evoke: Wand              |       |       |       |     3 |       ||     3
  Use: Scroll            |       |       |     5 |    10 |     1 ||    16
       Potion            |       |       |       |     6 |     1 ||     7
 Stab: Confused          |     2 |     1 |     3 |     6 |       ||    12
       Sleeping          |     2 |     2 |     1 |     1 |     1 ||     7
       Distracted        |       |       |     2 |     1 |       ||     3
Armor: Robe              |     5 |     3 |    10 |       |       ||    18
       Leather armour    |       |       |    14 |   103 |    11 ||   128
       Skin              |       |       |       |    13 |     1 ||    14
Dodge: Dodged            |    43 |    64 |   103 |   275 |    42 ||   527

Table legend: (Time is in decaauts)
 A = Elapsed time spent in this place.
 B = Non-inter-level travel time spent in this place.
 C = Inter-level travel time spent in this place.
 D = Time resting spent in this place.
 E = Time spent auto-exploring this place.
 F = Levels seen in this place.
 G = Mean time per level.
                   A        B        C        D        E       F      G
               +--------+--------+--------+--------+--------+-----+--------+
         Total |  20299 |  19697 |    602 |   4441 |  12477 |  16 | 1268.7 |
       Dungeon |  16936 |  16335 |    601 |   3361 |  10915 |  11 | 1539.6 |
          Lair |   1796 |   1796 |      0 |    297 |   1214 |   3 |  598.7 |
        Bailey |    262 |    262 |      0 |     80 |      2 |   1 |  262.0 |
      Gauntlet |   1305 |   1305 |      0 |    703 |    346 |   1 | 1305.0 |
               +--------+--------+--------+--------+--------+-----+--------+

Top non-repeatable levels by time:
    D:10: 3053 daAuts
    D:11: 2300 daAuts
     D:5: 2202 daAuts
     D:9: 1939 daAuts
     D:6: 1805 daAuts
     D:7: 1389 daAuts
Gauntlet: 1305 daAuts
     D:8: 1184 daAuts
     D:3: 935 daAuts
  Lair:1: 887 daAuts
     D:2: 805 daAuts
     D:4: 779 daAuts
     D:1: 539 daAuts
  Lair:4: 462 daAuts
  Lair:2: 446 daAuts
